 Dungeon Crawl Stone Soup version 0.28.0-45-g0d030f2227 (webtiles) character file.

Game seed: 7758976484218114779

37 zeratav the Insei (level 3, -2/23 HPs)
             Began as an Octopode Transmuter on Apr 11, 2022.
             Slain by a goblin
             ... wielding a +0 club
             ... led by Robin
              (6 damage)
             ... on level 2 of the Dungeon.
             The game lasted 00:01:27 (1525 turns).

zeratav the Insei (Octopode Transmuter)             Turns: 1525, Time: 00:01:28

Health: -2/23      AC:  1    Str:  9    XL:     3   Next: 39%
Magic:  5/6        EV: 13    Int: 15    God:
Gold:   29         SH:  0    Dex: 14    Spells: 5/6 levels left

rFire   . . .      SeeInvis .     - Unarmed
rCold   . . .      Faith    .   (no shield)
rNeg    . . .      Spirit   .   (helmet currently unavailable)
rPois   .          Reflect  .   (no amulet)
rElec   .          Harm     .   (no ring)
rCorr   .          Rampage  .   (no ring)
Will    .....                   (no ring)
Stlth   +++.......              (no ring)
HPRegen 0.07/turn               (no ring)
MPRegen 0.10/turn               (no ring)
                                (no ring)
                                (no ring)

@: appendages
A: tentacle spike 3, almost no armour, amphibious, 8 rings, camouflage 1,
gelatinous body 1, (nimble swimmer 1), tentacles
a: End Transformation


You were on level 2 of the Dungeon.
One of your tentacles had grown a beastly spike.
You visited 1 branch of the dungeon, and saw 2 of its levels.

You collected 29 gold pieces.


Innate Abilities, Weirdness & Mutations

One of your tentacles has grown a beastly spike.
You cannot wear most types of armour.
You are amphibious.
You can wear up to eight rings at the same time.
Your skin changes colour to match your surroundings (Stealth+).
Your rubbery body absorbs attacks. (AC +1, EV +1)
((You are camouflaged when in or above water. (Stealth+)))
You have tentacles for arms and can constrict up to eight enemies at once.


   Skills:
 + Level 1.6 Fighting
 + Level 2.3 Dodging
 + Level 1.6 Stealth
 * Level 3.6 Unarmed Combat
 - Level 2.0 Spellcasting
 - Level 2.0 Transmutations


You had 5 spell levels left.
You knew the following spells:

 Your Spells              Type           Power      Damage    Failure   Level
a - Beastly Appendage     Tmut           14%        N/A       10%         1

Your spell library contained the following spells:

 Spells                   Type           Power      Damage    Failure   Level
 Wereblood                Tmut           7%         N/A       14%         2
 Spider Form              Tmut/Pois      4%         N/A       41%         3
 Ice Form                 Ice/Tmut       4%         N/A       82%         4

Inventory:

Scrolls
 a - a scroll of noise {unknown}
 c - a scroll of enchant armour {unknown}
 e - a scroll of magic mapping {unknown}
Potions
 b - 2 potions of lignification {unknown}
 d - a potion of degeneration {unknown}

Dungeon Overview and Level Annotations

Branches:
Dungeon (2/15)

Altars:

## #. # ##.
##.# #.. .#.
#.. g. #..
g# #
#.g##g#..#
#g)@gg...#
########....
.


You could see a hobgoblin (strong) and 4 goblins.


Message History

The hobgoblin shouts!
You barely miss the hobgoblin. You grab the hobgoblin.
Your transformation is almost over.
You constrict the hobgoblin. The hobgoblin closely misses you.
The hobgoblin barely misses you.
A goblin comes into view. It is wielding a +0 club.
The hobgoblin misses you.
You release your grip on the hobgoblin.
The hobgoblin hits you. The hobgoblin completely misses you.
The hobgoblin hits you.
* * * LOW HITPOINT WARNING * * *
You climb upwards.
There is a stone staircase leading down here.
HP[-4] MP[+1]
You take 4 damage, and now have 8/23 hp.
Your mp is fully restored (6).
You are too injured to fight recklessly!
The hobgoblin misses you. The hobgoblin completely misses you.
The hobgoblin hits you.
* * * LOW HITPOINT WARNING * * *
HP[-5]
You take 5 damage, and now have 3/23 hp.
MASSIVE DAMAGE!! (PAUSE)
Your tentacle spike disappears.
HP[+1]
The hobgoblin no longer looks unusually strong.
You closely miss the hobgoblin. You grab the hobgoblin.
You squeeze the hobgoblin, but do no damage.
You constrict the hobgoblin, but do no damage.
The hobgoblin misses you.
HP[+1]
You tentacle-slap the hobgoblin. You squeeze the hobgoblin.
You kill the hobgoblin!
You see here 18 stones {throwing}.
You tentacle-slap the hobgoblin. Your grab misses the hobgoblin.
Your squeeze misses the hobgoblin. The hobgoblin misses you.
You closely miss the hobgoblin. You grab the hobgoblin.
You constrict the hobgoblin.
You kill the hobgoblin!
The hobgoblin completely misses you.
You tentacle-slap the hobgoblin but do no damage.
You grab the hobgoblin. You constrict the hobgoblin. The hobgoblin hits you.
* * * LOW HITPOINT WARNING * * *
HP[-2]
You take 2 damage, and now have 3/23 hp.
You completely miss the hobgoblin. You squeeze the hobgoblin.
You constrict the hobgoblin, but do no damage.
The hobgoblin hits you.
* * * LOW HITPOINT WARNING * * *
HP[-1]
You take 1 damage, and now have 2/23 hp.
You barely miss the hobgoblin. You squeeze the hobgoblin.
You kill the hobgoblin!
You start resting.
HP[+21]
Your hp is fully restored (23).
There is a stone staircase leading down here.
One of your tentacles grows a vicious spike.
MP[-1]
You lost 1 mp, and now have 5/6 mp.
You can't go up here!
You climb downwards.
Level annotation: Robin The goblin closely misses you.
Robin throws the goblin at you! The goblin hits you with a +0 club. x2
There is a stone staircase leading up, spattered with blood here.
HP[-6]
You take 6 damage, and now have 17/23 hp.
MASSIVE DAMAGE!! (PAUSE)
Items here: )) รทรท.
You tentacle-slap Robin but do no damage.
Your grab misses Robin. You squeeze Robin, but do no damage.
Robin roars a battlecry!
The goblins go into a battle-frenzy!
The hobgoblin misses you. The goblin hits you with a +0 club.
HP[-5]
You take 5 damage, and now have 12/23 hp.
MASSIVE DAMAGE!! (PAUSE)
You tentacle-slap Robin but do no damage.
You grab Robin.
You pierce Robin.
You constrict Robin. Robin hits you but does no damage. The hobgoblin hits you.
* * * LOW HITPOINT WARNING * * *
The goblin barely misses you.
HP[-5]
You take 5 damage, and now have 7/23 hp.
MASSIVE DAMAGE!! (PAUSE)
You tentacle-slap Robin.
You pierce Robin, but do no damage.
You constrict Robin.
Robin flexes a bicep menacingly.
Robin hits you with a +0 dagger.
* * * LOW HITPOINT WARNING * * *
The hobgoblin closely misses you. The goblin completely misses you.
HP[-2]
You take 2 damage, and now have 5/23 hp.
You completely miss Robin.
You pierce Robin.
You kill Robin!
The hobgoblin hits you but does no damage.
The goblin shoots a stone.
The stone hits you.
* * * LOW HITPOINT WARNING * * *
The goblin hits you with a +0 club.
You die...

Skill      XL: |  1 |
---------------+----+-----
Stealth        | 1 |  1.6
Fighting       | |  1.6
Dodging        | |  2.3
Unarmed Combat | |  3.6
Spellcasting   | |  2.0
Transmutations | |  2.0

Action                   || total
-------------------------++-------
Melee: Unarmed           ||    61
       Kick              ||    17
       Constrict         ||    17
       Tentacles         ||    13
 Cast: Beastly Appendage ||    15
 Stab: Sleeping          ||     4
Armor: Skin              ||     6
Dodge: Dodged            ||    31

Levels and vault maps discovered:
D:1:      enne_arrival_octagon_isle, layout_basic
D:2:      layout_loops_cross, serial_shops, shop, uniq_robin

Notes
Turn   | Place    | Note
-------+----------+-------------------------------------------
     0 | D:1      | zeratav the Octopode Transmuter began the quest for the
                  | Orb.
     0 | D:1      | Reached XP level 1. HP: 13/13 MP: 3/3
     0 | D:1      | magus.rc [v1.9.6]
   226 | D:1      | Reached skill level 1 in Stealth
   226 | D:1      | Reached XP level 2. HP: 13/18 MP: 3/5
   760 | D:1      | Reached XP level 3. HP: 17/23 MP: 6/6
  1160 | D:2      | Noticed Robin
  1169 | D:1      | HP: 3/23 [hobgoblin[Robin] (5)]
  1202 | D:1      | HP: 3/23 [hobgoblin[Robin] (2)]
  1524 | D:2      | HP: 5/23 [Robin/+0 dagger (2)]
  1525 | D:2      | Killed Robin
  1525 | D:2      | Slain by a goblin

Vanquished Creatures
  Robin (D:2)
  A dart slug (D:1)
  2 ball pythons (D:1)
  A bat (D:1)
  4 endoplasms (D:1)
  A giant cockroach (D:1)
  4 goblins
  8 hobgoblins
  3 kobolds (D:1)
  A quokka (D:1)
  3 rats (D:1)
29 creatures vanquished.

Table legend:
 A = Non-vault XP
 B = Vault XP
 C = Vault XP percentage of total XP
 D = Non-vault monster count
 E = Vault monster count
 F = Vault count percentage of total count
                 A         B        C        D         E       F
            +---------+---------+-------+---------+---------+-------
      Total |      41 |      26 |  38.8 |      22 |       7 |  24.1
            +---------+---------+-------+---------+---------+-------
        D:1 |      41 |       6 |  12.8 |      22 |       3 |  12.0
        D:2 |       0 |      20 | 100.0 |       0 |       4 | 100.0
            +---------+---------+-------+---------+---------+-------

Illustrated notes

Table legend:
 A = Kills in this place as a percentage of kills in entire the game.
 B = Kills by you in this place as a percentage of kills by you in the entire game.
 C = Kills by friends in this place as a percentage of kills by friends in the entire game.
 D = Other kills in this place as a percentage of other kills in the entire game.
 E = Experience gained in this place as a percentage of experience gained in the entire game.
 F = Experience gained in this place divided by the number of levels of this place that you have seen.
                   A       B       C       D       E      F
               +-------+-------+-------+-------+-------+----------------------
         Total | 100.0 | 100.0 |   N/A |   N/A | 100.0 |  33.5
       Dungeon | 100.0 | 100.0 |   N/A |   N/A | 100.0 |  33.5
               +-------+-------+-------+-------+-------+----------------------

Table legend: (Time is in decaauts)
 A = Elapsed time spent in this place.
 B = Non-inter-level travel time spent in this place.
 C = Inter-level travel time spent in this place.
 D = Time resting spent in this place.
 E = Time spent auto-exploring this place.
 F = Levels seen in this place.
 G = Mean time per level.
                   A        B        C        D        E       F      G
               +--------+--------+--------+--------+--------+-----+--------+
         Total |   1522 |   1483 |     39 |    290 |    996 |   2 |  761.0 |
       Dungeon |   1522 |   1483 |     39 |    290 |    996 |   2 |  761.0 |
               +--------+--------+--------+--------+--------+-----+--------+

Top non-repeatable levels by time:
     D:1: 1505 daAuts
     D:2: 16 daAuts
